[Event "ICC tourney 2840 (30 10)"]
[Site "Internet Chess Club"]
[Date "2022.02.27"]
[Round "2"]
[White "SHEEHAN, ETHAN THOMAS:Chessking2008"]
[Black "VAKHIDOV, JAKHONGIR:TjkTiger"]
[Result "1/2-1/2"]
[ICCResult "Game drawn by repetition"]
[WhiteElo "2218"]
[BlackElo "2602"]
[Opening "Sicilian: accelerated fianchetto, modern variation with Bc4"]
[ECO "B35"]
[NIC "SI.43"]
[Time "15:00:38"]
[PlyCount "99"]
[TimeControl "1800+10"]

1. e4 c5 2. Nf3 g6 3. d4 cxd4 4. Nxd4 Bg7 5. Nc3 Nc6 6. Be3 Nf6 7. Bc4 O-O
8. Bb3 Re8 9. f3 e6 10. Qd2 d5 11. O-O-O Nxd4 12. Bxd4 e5 13. Bf2 d4 14. Kb1
a5 15. Nd5 a4 16. Nxf6+ Qxf6 17. Bd5 Be6 18. Bxe6 Qxe6 19. c3 Red8 20. cxd4
exd4 21. Qd3 a3 22. b3 Rac8 23. Rc1 Bh6 24. Rxc8 Rxc8 25. Bxd4 Qd6 26. Rd1
Rd8 27. e5 Qd5 28. Kc2 Rc8+ 29. Bc3 Qa5 30. Qd4 Bg7 31. f4 b5 32. Kd3 Qa8
33. Qf2 Bf8 34. Qf3 Qa6 35. Kd2 Qb6 36. Ke2 b4 37. Be1 Rc2+ 38. Rd2 Rc3 39.
Rd3 Rc2+ 40. Rd2 Rb2 41. Qe4 Bc5 42. Qa8+ Kg7 43. Bh4 Qb5+ 44. Kf3 g5 45.
Bxg5 Rxd2 46. Bf6+ Kh6 47. Bg5+ Kg7 48. Bf6+ Kh6 49. Bg5+ Kg7 50. Bf6+
{Game drawn by repetition}
1/2-1/2

[Event "ICC tourney 2840 (30 10)"]
[Site "Internet Chess Club"]
[Date "2022.02.27"]
[Round "2"]
[White "ALEKSANDROV, ALEKSEJ:Aleksandrov73"]
[Black "XIE, BRYAN:largecrab"]
[Result "1/2-1/2"]
[ICCResult "Game drawn by mutual agreement"]
[WhiteElo "2549"]
[BlackElo "2105"]
[Opening "English opening"]
[ECO "A20"]
[NIC "EO.24"]
[Time "15:00:38"]
[PlyCount "100"]
[TimeControl "1800+10"]

1. c4 e5 2. g3 Nf6 3. Bg2 c6 4. d4 e4 5. Qa4 d5 6. cxd5 b5 7. Qb3 Qxd5 8. e3
Qxb3 9. axb3 Be6 10. Nc3 Bb4 11. Ne2 Bxb3 12. Bd2 Bxc3 13. Nxc3 Bd5 14. O-O
Nbd7 15. Nxd5 cxd5 16. Ra5 O-O 17. Rfa1 Nb6 18. Rxb5 Rfc8 19. Bb4 Nfd7 20.
Bh3 a6 21. Rba5 Rc4 22. Bc5 g6 23. Rxa6 Rxa6 24. Rxa6 Nxc5 25. dxc5 Rc1+ 26.
Kg2 Nc4 27. b4 Ne5 28. Rd6 f5 29. Rxd5 Nf3 30. Bxf5 gxf5 31. Rxf5 Ne1+ 32.
Kh3 Nd3 33. b5 Nxc5 34. b6 Nd3 35. Rb5 Rc8 36. b7 Rb8 37. Kg2 Kf7 38. f4
exf3+ 39. Kxf3 Ke6 40. Kg4 Ne5+ 41. Kh5 Nc4 42. Kh6 Nxe3 43. Kxh7 Nf5 44. g4
Nd6 45. Rb1 Rxb7+ 46. Rxb7 Nxb7 47. g5 Nd8 48. h4 Kf5 49. g6 Ne6 50. Kh6 Kf6
{Game drawn by mutual agreement}
1/2-1/2

[Event "ICC tourney 2840 (30 10)"]
[Site "Internet Chess Club"]
[Date "2022.02.27"]
[Round "2"]
[White "Wan, Joseph Cheng-Yue:cyborg86"]
[Black "RAMANATHAN, SURAJ:Suraj240704"]
[Result "0-1"]
[ICCResult "White forfeits on time"]
[WhiteElo "2290"]
[BlackElo "2086"]
[Opening "Queen's pawn: London system"]
[ECO "A45"]
[NIC "QP.07"]
[Time "15:00:37"]
[PlyCount "194"]
[TimeControl "1800+10"]

1. d4 Nf6 2. Bf4 g6 3. e3 Bg7 4. Nf3 d6 5. h3 O-O 6. Be2 Nbd7 7. O-O Qe8 8.
c4 e5 9. Bh2 Qe7 10. Nc3 b6 11. Rc1 Bb7 12. Re1 Rfd8 13. Qa4 a5 14. Nb5 Ne8
15. Qc2 f5 16. a3 Be4 17. Qd1 h6 18. b4 axb4 19. axb4 Kh7 20. Qb3 g5 21.
Red1 Bc6 22. Nc3 Qf7 23. dxe5 dxe5 24. Nd5 Ba4 25. Qb1 Bxd1 26. Rxd1 c6 27.
Nc3 Kh8 28. Rxd7 Qxd7 29. Nxe5 Qe6 30. f4 Bxe5 31. fxe5 Ra3 32. Qc2 Ng7 33.
Bg3 Ra1+ 34. Kh2 Qf7 35. b5 cxb5 36. Nxb5 f4 37. exf4 Nf5 38. Nd6 Nxd6 39.
exd6 gxf4 40. Qc3+ Qg7 41. Qxg7+ Kxg7 42. Bxf4 Re1 43. Bf3 Re6 44. Kg3 Rexd6
45. Bxd6 Rxd6 46. Kf2 Kf6 47. Ke3 Ke5 48. Be2 Rd4 49. Bd3 h5 50. Be2 h4 51.
Bd3 Rf4 52. Be2 Rf6 53. Bf3 Kd6 54. Kd4 Rf4+ 55. Be4 Rf2 56. Ke3 Rf8 57. Kd4
Rc8 58. Bf3 Rc5 59. Be4 Ke6 60. Bf3 Kf5 61. Be4+ Kf4 62. Bf3 Kg3 63. Bd5 Rc8
64. Ke5 Rd8 65. Ke6 Kf4 66. Ke7 Rh8 67. Kd6 Rh6+ 68. Kc7 Ke5 69. Bc6 Kd4 70.
Bb5 Kc5 71. Ba6 Rh7+ 72. Kd8 Rg7 73. Bc8 Rg8+ 74. Kc7 Rxc8+ 75. Kxc8 Kxc4
76. Kd7 b5 77. Ke6 b4 78. Kf5 b3 79. Kg4 b2 80. Kxh4 b1=Q 81. g4 Qh7+ 82.
Kg5 Kd5 83. h4 Ke6 84. Kf4 Kf6 85. Kg3 Qd3+ 86. Kf4 Qd4+ 87. Kf3 Kg6 88. h5+
Kg5 89. Ke2 Qxg4+ 90. Ke3 Kxh5 91. Kd3 Kg5 92. Ke3 Kf5 93. Kd2 Qf3 94. Kc2
Ke4 95. Kb1 Qe2 96. Ka1 Kd3 97. Kb1 Kc3 {White forfeits on time} 0-1

[Event "ICC tourney 2840 (30 10)"]
[Site "Internet Chess Club"]
[Date "2022.02.27"]
[Round "3"]
[White "JIANG, ANDREW:K05-16091063"]
[Black "SRIPADA, HAVISH:brilliantnessme"]
[Result "1-0"]
[ICCResult "Black checkmated"]
[WhiteElo "1996"]
[BlackElo "2007"]
[Opening "Sicilian"]
[ECO "B50"]
[NIC "SI.01"]
[Time "17:00:32"]
[PlyCount "97"]
[TimeControl "1800+10"]

1. e4 c5 2. Nf3 d6 3. c3 Nf6 4. Be2 g6 5. O-O Bg7 6. Re1 Nc6 7. d4 O-O 8. d5
Ne5 9. Nxe5 dxe5 10. Bf1 Ne8 11. Be3 b6 12. f3 Nd6 13. Nd2 Bd7 14. a4 Qc7
15. b4 c4 16. Qe2 Rfc8 17. Rec1 a5 18. b5 e6 19. Qf2 exd5 20. Bxb6 Qb7 21.
exd5 Qxd5 22. Rd1 Qb7 23. Bc5 Bf8 24. Kh1 Nxb5 25. Bxf8 Nxc3 26. Rdc1 Nxa4
27. Be7 Bc6 28. Bf6 c3 29. Nc4 Qb4 30. Rab1 Qf8 31. Nxe5 Bd5 32. Qh4 Nc5 33.
Be7 Qg7 34. Bf6 Qf8 35. Rxc3 Be6 36. Be7 Qg7 37. Rxc5 Rxc5 38. Bxc5 Qxe5 39.
Bd4 Qd6 40. Qf6 Kf8 41. Qh8+ Ke7 42. Bf6+ Kd7 43. Qxa8 Bd5 44. Qd8+ Ke6 45.
Re1+ Be4 46. Rxe4+ Kf5 47. Qxd6 g5 48. Qe5+ Kg6 49. Qxg5# {Black checkmated}
1-0

[Event "ICC tourney 2840 (30 10)"]
[Site "Internet Chess Club"]
[Date "2022.02.27"]
[Round "3"]
[White "HU, MERRIC:K09-14686967"]
[Black "SHAWKAT, SAIF:saif-shawkat"]
[Result "0-1"]
[ICCResult "White resigns"]
[WhiteElo "2060"]
[BlackElo "2002"]
[Opening "Sicilian"]
[ECO "B50"]
[NIC "SI.01"]
[Time "17:00:40"]
[PlyCount "69"]
[TimeControl "1800+10"]

1. e4 c5 2. Nf3 d6 3. b3 Nf6 4. Nc3 g6 5. Bb2 Bg7 6. g3 Nxe4 7. Bb5+ Bd7 8.
Bxd7+ Nxd7 9. O-O Nxc3 10. Bxc3 Bxc3 11. dxc3 O-O 12. c4 Nf6 13. Re1 Re8 14.
Qd2 Qd7 15. a4 Rad8 16. a5 Qg4 17. Kg2 a6 18. h3 Qf5 19. Re2 Kg7 20. Rae1 e5
21. Qc3 Qd7 22. Nd2 Qc6+ 23. Kg1 Kg8 24. f4 Nd7 25. Nf3 f6 26. fxe5 dxe5 27.
Rd1 Nf8 28. Red2 Ne6 29. Rd5 Nd4 30. Nxd4 exd4 31. Qf3 Rxd5 32. cxd5 Qd6 33.
Rd3 Re5 34. c4 dxc3 35. Rxc3 {White resigns} 0-1

[Event "ICC tourney 2840 (30 10)"]
[Site "Internet Chess Club"]
[Date "2022.02.27"]
[Round "3"]
[White "RAMANATHAN, SURAJ:Suraj240704"]
[Black "VAKHIDOV, JAKHONGIR:TjkTiger"]
[Result "1/2-1/2"]
[ICCResult "Game drawn by mutual agreement"]
[WhiteElo "2086"]
[BlackElo "2602"]
[Opening "Grünfeld: 5.e3"]
[ECO "D94"]
[NIC "GI.09"]
[Time "17:05:50"]
[PlyCount "33"]
[TimeControl "1800+10"]

1. Nf3 g6 2. d4 Nf6 3. c4 Bg7 4. Nc3 d5 5. e3 O-O 6. cxd5 Nxd5 7. Bc4 Nxc3
8. bxc3 c5 9. O-O Qc7 10. Bb3 Nc6 11. Qe2 Na5 12. Bc2 Rd8 13. Ba3 b6 14. Be4
Rb8 15. Rab1 Be6 16. Bd3 Bg4 17. Rfc1 {Game drawn by mutual agreement}
1/2-1/2

[Event "ICC tourney 2840 (30 10)"]
[Site "Internet Chess Club"]
[Date "2022.02.27"]
[Round "3"]
[White "Volkov, Sergey:Volkov"]
[Black "SHEEHAN, ETHAN THOMAS:Chessking2008"]
[Result "0-1"]
[ICCResult "White resigns"]
[WhiteElo "2573"]
[BlackElo "2218"]
[Opening "King's Indian: 6.Be2"]
[ECO "E91"]
[NIC "BI.03"]
[Time "17:01:15"]
[PlyCount "124"]
[TimeControl "1800+10"]

1. d4 Nf6 2. c4 g6 3. Nc3 Bg7 4. e4 O-O 5. Nf3 d6 6. Be2 c5 7. d5 e6 8. Nd2
exd5 9. cxd5 a6 10. a4 Re8 11. O-O Nbd7 12. Re1 Ne5 13. h3 g5 14. Nf1 h6 15.
Ng3 b6 16. Ra3 Bd7 17. Bd2 Qc8 18. Rb3 Rb8 19. Be3 b5 20. axb5 c4 21. Rb4
axb5 22. b3 Qc7 23. bxc4 bxc4 24. Rxb8 Rxb8 25. Qc2 Rb3 26. Bd4 Nh7 27. Rd1
Nd3 28. Bxg7 Rb2 29. Nb5 Rxc2 30. Nxc7 Kxg7 31. Bg4 Nxf2 32. Rf1 Nxg4 33.
hxg4 Nf6 34. Nb5 Bxb5 35. Nf5+ Kg6 36. Ne7+ Kg7 37. Nf5+ Kf8 38. Nxd6 Nxg4
39. Nxb5 Ne3 40. Ra1 Rxg2+ 41. Kh1 Rd2 42. Ra8+ Kg7 43. Rc8 g4 44. Nd6 g3
45. Nf5+ Nxf5 46. exf5 Rxd5 47. Kg2 Rd3 48. Rxc4 Kf6 49. Rc5 Kg5 50. Kh3 f6
51. Ra5 h5 52. Rb5 h4 53. Rb4 Rd2 54. Rg4+ Kxf5 55. Kxh4 Rh2+ 56. Kxg3 Rg2+
57. Kxg2 Kxg4 58. Kf2 Kf4 59. Kg2 Ke3 60. Kf1 Kf3 61. Kg1 f5 62. Kf1 f4
{White resigns}
0-1

[Event "ICC tourney 2840 (30 10)"]
[Site "Internet Chess Club"]
[Date "2022.02.27"]
[Round "3"]
[White "HEBDEN, MARK L:mhebden"]
[Black "XIE, BRYAN:largecrab"]
[Result "0-1"]
[ICCResult "White resigns"]
[WhiteElo "2505"]
[BlackElo "2105"]
[Opening "Sicilian: Grand Prix attack"]
[ECO "B23"]
[NIC "SI.44"]
[Time "17:00:23"]
[PlyCount "78"]
[TimeControl "1800+10"]

1. e4 c5 2. Nc3 Nc6 3. f4 g6 4. Nf3 Bg7 5. g3 d6 6. d3 Nf6 7. Bg2 O-O 8. O-O
Rb8 9. h3 b5 10. g4 b4 11. Ne2 Ba6 12. f5 c4 13. Ng3 cxd3 14. cxd3 Nd7 15.
Rf2 Nde5 16. Ne1 Qb6 17. Bf1 Rfd8 18. Nc2 d5 19. Be3 Qc7 20. Bf4 g5 21. Bxg5
Nxd3 22. Rg2 dxe4 23. Nxe4 Nce5 24. f6 Ne1 25. Nxe1 Rxd1 26. Rxd1 Bxf1 27.
Kxf1 Qc4+ 28. Re2 exf6 29. Nxf6+ Bxf6 30. Bxf6 Ng6 31. Nd3 Qc6 32. Rf2 Qh1+
33. Ke2 Re8+ 34. Kd2 Qxh3 35. g5 Qe3+ 36. Kc2 Rc8+ 37. Kb1 Qe4 38. Rfd2 Nf4
39. Re1 Nxd3 {White resigns} 0-1

[Event "ICC tourney 2840 (30 10)"]
[Site "Internet Chess Club"]
[Date "2022.02.27"]
[Round "3"]
[White "ALEKSANDROV, ALEKSEJ:Aleksandrov73"]
[Black "LIU, ERIC CHANG:el008"]
[Result "1-0"]
[ICCResult "Black resigns"]
[WhiteElo "2549"]
[BlackElo "2029"]
[Opening "QGD: Charousek (Petrosian) variation"]
[ECO "D31"]
[NIC "QO.05"]
[Time "17:00:15"]
[PlyCount "127"]
[TimeControl "1800+10"]

1. d4 d5 2. c4 e6 3. Nc3 Be7 4. cxd5 exd5 5. Bf4 c6 6. Qc2 Nf6 7. Nf3 g6 8.
h3 Bf5 9. Qc1 Ne4 10. e3 Nd7 11. Be2 Qa5 12. O-O Nxc3 13. bxc3 Ba3 14. Qd2
Nf6 15. Bd3 Bxd3 16. Qxd3 Ne4 17. c4 Qc3 18. Rad1 Qxd3 19. Rxd3 Bd6 20. Bxd6
Nxd6 21. cxd5 cxd5 22. Rc1 Kd8 23. Rc5 Rc8 24. Rxd5 Ke7 25. Re5+ Kf6 26. Ng5
h6 27. Ne4+ Nxe4 28. Rxe4 Rc1+ 29. Kh2 Rc2 30. Rf4+ Kg7 31. a3 Rhc8 32. d5
f5 33. Kg3 Kf6 34. d6 Ke6 35. Ra4 a6 36. Rb4 b5 37. a4 R2c4 38. d7 Rd8 39.
Rxc4 bxc4 40. Rd4 c3 41. Rc4 Rxd7 42. Rxc3 Rd6 43. h4 g5 44. Rc5 Kf6 45.
hxg5+ hxg5 46. a5 Ke6 47. f4 g4 48. Re5+ Kf6 49. e4 Rd3+ 50. Kh4 fxe4 51.
Kxg4 Rd2 52. Kh3 Rd3+ 53. Kh4 e3 54. g4 Ra3 55. g5+ Kf7 56. Kg4 e2 57. Rxe2
Rxa5 58. Rc2 Ra1 59. Rc5 a5 60. Kf5 a4 61. g6+ Ke8 62. Kf6 a3 63. g7 Rg1 64.
Rg5 {Black resigns} 1-0

[Event "ICC tourney 2840 (30 10)"]
[Site "Internet Chess Club"]
[Date "2022.02.27"]
[Round "3"]
[White "DENG, HENRY:SuperPuzzler"]
[Black "Wan, Joseph Cheng-Yue:cyborg86"]
[Result "1/2-1/2"]
[ICCResult "Game drawn by mutual agreement"]
[WhiteElo "2085"]
[BlackElo "2290"]
[Opening "French: Tarrasch, closed variation, main line"]
[ECO "C06"]
[NIC "FR.17"]
[Time "17:00:29"]
[PlyCount "79"]
[TimeControl "1800+10"]

1. e4 e6 2. d4 d5 3. Nd2 Nf6 4. e5 Nfd7 5. Bd3 c5 6. c3 Nc6 7. Ne2 cxd4 8.
cxd4 f6 9. exf6 Nxf6 10. Nf3 Bd6 11. O-O O-O 12. Re1 Qc7 13. g3 Ng4 14. Nf4
Bxf4 15. Bxf4 Rxf4 16. gxf4 Qxf4 17. h3 Nh6 18. Kg2 Bd7 19. Qc1 Qd6 20. Qe3
Nf7 21. Bb5 Rf8 22. Bxc6 Qxc6 23. Ne5 Nxe5 24. Qxe5 Qb6 25. b3 Rf5 26. Qe3
h6 27. f4 Qd6 28. Rf1 Be8 29. Rae1 Bf7 30. Rf2 Kh7 31. Kh1 Rh5 32. Rg2 Qb6
33. Reg1 g6 34. Qd3 Rf5 35. Qe3 Qd6 36. Rf2 Qe7 37. Kh2 Qf6 38. Rgg2 Qh4 39.
Rg4 Qf6 40. Rgg2 {Game drawn by mutual agreement} 1/2-1/2

[Event "ICC tourney 2840 (30 10)"]
[Site "Internet Chess Club"]
[Date "2022.02.27"]
[Round "3"]
[White "Gaw, Chloe:HarleyQueen8"]
[Black "Hutton, Jack:DinDjarin"]
[Result "0-1"]
[ICCResult "White resigns"]
[WhiteElo "1766"]
[BlackElo "2108"]
[Opening "Nimzo-Indian: classical, Pirc variation"]
[ECO "E39"]
[NIC "NI.21"]
[Time "17:00:15"]
[PlyCount "64"]
[TimeControl "1800+10"]

1. d4 e6 2. c4 Nf6 3. Nc3 Bb4 4. Qc2 c5 5. dxc5 O-O 6. Nf3 Nc6 7. a3 Qa5 8.
Bd2 e5 9. e3 Re8 10. Bd3 Bxc3 11. Bxc3 Qxc5 12. Ng5 Nd4 13. Bxh7+ Kf8 14.
Qd3 a5 15. b4 axb4 16. Bxb4 Qxb4+ 17. axb4 Rxa1+ 18. Kd2 Ra2+ 19. Kc1 Nxh7
20. Nxh7+ Kg8 21. Kb1 Rxf2 22. exd4 e4 23. Qg3 e3 24. Ng5 d5 25. Re1 Bf5+
26. Kc1 Rc2+ 27. Kb1 Rxg2+ 28. Kc1 Rc2+ 29. Kb1 Rxh2+ 30. Ne4 Bxe4+ 31. Kc1
Rc2+ 32. Kd1 Ra8 {White resigns} 0-1

[Event "ICC tourney 2840 (30 10)"]
[Site "Internet Chess Club"]
[Date "2022.02.27"]
[Round "3"]
[White "YAN, RUIYANG:jy2020"]
[Black "NEMMALI, PRATEEK R:Priccchess"]
[Result "1-0"]
[ICCResult "Black resigns"]
[WhiteElo "2172"]
[BlackElo "1816"]
[Opening "Philidor: exchange variation"]
[ECO "C41"]
[NIC "KP.08"]
[Time "17:00:13"]
[PlyCount "83"]
[TimeControl "1800+10"]

1. e4 e5 2. Nf3 d6 3. d4 exd4 4. Nxd4 Nf6 5. Nc3 Be7 6. Be2 O-O 7. O-O Re8
8. f4 Bf8 9. Bf3 c6 10. Be3 a5 11. a4 Na6 12. Nb3 Nb4 13. Qd2 Bg4 14. Bxg4
Nxg4 15. Bd4 c5 16. Bf2 Nxf2 17. Qxf2 Qc7 18. Rad1 Qc6 19. e5 d5 20. Nb5 c4
21. N3d4 Qb6 22. Kh1 Rad8 23. Rfe1 Bc5 24. Qf3 g6 25. Qg3 Kh8 26. f5 Bxd4
27. Nxd4 Qc7 28. Nb5 Qd7 29. e6 fxe6 30. Nc7 exf5 31. Nxe8 Rxe8 32. Rxe8+
Qxe8 33. Re1 Qd7 34. Qe5+ Kg8 35. Qf6 Nc6 36. c3 Qf7 37. Qd6 Kg7 38. Re6 Kh6
39. Qxd5 Nd8 40. Qd2+ f4 41. Re4 g5 42. Qxd8 {Black resigns} 1-0

[Event "ICC tourney 2840 (30 10)"]
[Site "Internet Chess Club"]
[Date "2022.02.27"]
[Round "3"]
[White "Turcotte, Jonathan:JonnyTurgi"]
[Black "TANG, AUSTIN:Mrpeetapizza"]
[Result "1-0"]
[ICCResult "Black resigns"]
[WhiteElo "2000"]
[BlackElo "2034"]
[Opening "Grünfeld: Grünfeld gambit, Capablanca variation"]
[ECO "D83"]
[NIC "GI.03"]
[Time "17:00:12"]
[PlyCount "65"]
[TimeControl "1800+10"]

1. d4 Nf6 2. c4 g6 3. Nc3 d5 4. Bf4 Bg7 5. e3 O-O 6. Rc1 dxc4 7. Bxc4 c5 8.
Nf3 Nc6 9. d5 Na5 10. Be2 Bf5 11. O-O b6 12. Ne5 Be4 13. Nxe4 Nxe4 14. f3
Nd6 15. e4 f5 16. b4 cxb4 17. Nc6 Nxc6 18. dxc6 Qc7 19. Qd5+ Kh8 20. g3 Rad8
21. Rfd1 fxe4 22. fxe4 a5 23. Bg4 b5 24. Rc5 a4 25. Kg2 h6 26. h4 h5 27. Be6
Kh7 28. Qd3 Bc3 29. Qf3 Bg7 30. Rxh5+ Bh6 31. Rxh6+ Kg7 32. Qg4 Rxf4 33.
Qxg6+ {Black resigns} 1-0

[Event "ICC tourney 2840 (30 10)"]
[Site "Internet Chess Club"]
[Date "2022.02.27"]
[Round "3"]
[White "Belous, Vladimir:Openyagami"]
[Black "Liang, Jason:Jupiter435"]
[Result "1-0"]
[ICCResult "Black resigns"]
[WhiteElo "2557"]
[BlackElo "2350"]
[Opening "English opening: Agincourt variation"]
[ECO "A13"]
[NIC "RE.12"]
[Time "17:00:13"]
[PlyCount "167"]
[TimeControl "1800+10"]

1. c4 e6 2. Nf3 d5 3. g3 dxc4 4. Qa4+ Nd7 5. Qxc4 a6 6. Qc2 b5 7. Bg2 Bb7 8.
O-O c5 9. d3 Ngf6 10. a4 Be7 11. Na3 O-O 12. Bd2 Qb6 13. axb5 axb5 14. Qb3
Rfb8 15. Bf4 Bd5 16. Qd1 Rc8 17. Nc2 Bb7 18. Bd2 Rxa1 19. Qxa1 Ra8 20. Qc1
Qa6 21. Na3 Nb6 22. Bg5 Rc8 23. Nb1 c4 24. dxc4 Nxc4 25. b3 Nd6 26. Qb2 Nde4
27. Be3 b4 28. Bd4 Bd5 29. Ne5 Qa8 30. f3 Nc5 31. Nd2 Qa3 32. Rb1 Qxb2 33.
Rxb2 Ncd7 34. Nec4 Bc5 35. Bxc5 Nxc5 36. Nb6 Rb8 37. Rc2 Rxb6 38. Rxc5 Kf8
39. e4 Bc6 40. Bf1 Nd7 41. Ra5 Ke7 42. Kf2 Rb8 43. Ke3 Kd6 44. Nc4+ Kc7 45.
Kd4 f6 46. f4 Rd8 47. Ke3 h6 48. Ra7+ Kb8 49. Ra6 Bxe4 50. Rxe6 Bc2 51. Na5
Rc8 52. Bc4 Rc5 53. Nc6+ Kc7 54. Nxb4 Bxb3 55. Na6+ Kd8 56. Nxc5 Nxc5 57.
Rd6+ Ke7 58. Rd4 Bc2 59. Rd5 Nd7 60. Ra5 Bg6 61. Ra7 Bf5 62. Kd4 Kd6 63. Be2
Nc5 64. g4 Bd7 65. f5 Nb3+ 66. Ke3 Nc5 67. Ra8 h5 68. h3 hxg4 69. hxg4 Ke7
70. Rg8 Be8 71. Rxg7+ Kf8 72. Rc7 Nd7 73. Kf4 Nb6 74. Bf3 Bf7 75. Kg3 Be8
76. Bc6 Bxc6 77. Rxc6 Nd7 78. Rd6 Ke7 79. Rxd7+ Kxd7 80. Kh4 Ke7 81. Kh5 Kf7
82. Kh6 Kf8 83. Kg6 Ke7 84. Kg7 {Black resigns} 1-0

[Event "ICC tourney 2840 (30 10)"]
[Site "Internet Chess Club"]
[Date "2022.02.27"]
[Round "3"]
[White "Tanenbaum, Zachary:MasterZachary"]
[Black "LIANG, YU-CHENG:Yucheng"]
[Result "0-1"]
[ICCResult "White checkmated"]
[WhiteElo "2237"]
[BlackElo "1984"]
[Opening "Caro-Kann: exchange, Rubinstein variation"]
[ECO "B13"]
[NIC "CK.02"]
[Time "17:00:28"]
[PlyCount "166"]
[TimeControl "1800+10"]

1. e4 c6 2. d4 d5 3. exd5 cxd5 4. Bd3 Nc6 5. c3 Nf6 6. Bf4 Bg4 7. Qb3 Qc8 8.
Nd2 e6 9. Ngf3 Be7 10. O-O O-O 11. Qc2 Bh5 12. Ne5 Bd6 13. Rfe1 Qc7 14. a4
Rac8 15. Rac1 Rfe8 16. Re3 Bg6 17. Bxg6 hxg6 18. Qd3 Nh5 19. Bg3 Nxg3 20.
hxg3 Bxe5 21. dxe5 Nxe5 22. Qd4 Nc6 23. Qg4 Ne5 24. Qh4 Nc4 25. Re2 Nxd2 26.
Rxd2 Qe7 27. Qd4 a6 28. Re1 Qd7 29. Re3 Rc6 30. c4 Rd8 31. c5 a5 32. Rb3 Qc7
33. Rb5 Rc8 34. Rc2 Ra6 35. Rc3 Rc6 36. g4 Rd8 37. g5 e5 38. Qh4 f5 39. Rh3
Kf7 40. b4 d4 41. Rb3 e4 42. bxa5 Rd7 43. Rb1 d3 44. Qh3 Rxc5 45. Qe3 Rxb5
46. axb5 Qc2 47. Qc1 Rc7 48. Qxc2 Rxc2 49. Kh2 d2 50. a6 bxa6 51. bxa6 Ra2
52. Rb7+ Ke8 53. Rb8+ Kd7 54. Rb7+ Kc6 55. Rb1 Rxa6 56. Kg1 Kd5 57. Kf1 Rc6
58. Ke2 Rc1 59. Rb5+ Kc6 60. Kxd2 Kxb5 61. Kxc1 f4 62. Kd2 Kc4 63. Ke2 Kd4
64. Kd2 e3+ 65. fxe3+ fxe3+ 66. Ke2 Ke4 67. Ke1 Kd3 68. Kd1 e2+ 69. Ke1 Ke3
70. g3 Kf3 71. g4 Kxg4 72. Kxe2 Kxg5 73. Kf3 Kh4 74. Kg2 Kg4 75. Kh2 Kf3 76.
Kh3 g5 77. Kh2 g4 78. Kg1 g3 79. Kf1 g2+ 80. Kg1 g6 81. Kh2 Kf2 82. Kh3 g1=Q
83. Kh4 Qg3# {White checkmated} 0-1

[Event "ICC tourney 2840 (30 10)"]
[Site "Internet Chess Club"]
[Date "2022.02.27"]
[Round "4"]
[White "Liang, Jason:Jupiter435"]
[Black "Hutton, Jack:DinDjarin"]
[Result "1-0"]
[ICCResult "Black resigns"]
[WhiteElo "2350"]
[BlackElo "2108"]
[Opening "French: Steinitz variation"]
[ECO "C11"]
[NIC "FR.04"]
[Time "19:00:16"]
[PlyCount "21"]
[TimeControl "1800+10"]

1. e4 e6 2. d4 d5 3. Nc3 Nf6 4. e5 Bb4 5. exf6 Qxf6 6. Nf3 c5 7. a3 Ba5 8.
Bg5 Qf5 9. Bd3 Qg4 10. h3 Qh5 11. g4 {Black resigns} 1-0

[Event "ICC tourney 2840 (30 10)"]
[Site "Internet Chess Club"]
[Date "2022.02.27"]
[Round "4"]
[White "Wan, Joseph Cheng-Yue:cyborg86"]
[Black "Turcotte, Jonathan:JonnyTurgi"]
[Result "1-0"]
[ICCResult "Black resigns"]
[WhiteElo "2290"]
[BlackElo "2000"]
[Opening "Caro-Kann: anti-anti-Caro-Kann defense"]
[ECO "B10"]
[NIC "CK.01"]
[Time "19:00:32"]
[PlyCount "47"]
[TimeControl "1800+10"]

1. e4 c6 2. c4 d5 3. cxd5 cxd5 4. exd5 Nf6 5. Nc3 Nxd5 6. Nf3 Nc6 7. Bb5
Nxc3 8. bxc3 Bd7 9. d4 Qa5 10. Qb3 e6 11. O-O Be7 12. d5 exd5 13. Qxd5 Qc7
14. Re1 a6 15. Ba4 O-O 16. Rxe7 Nxe7 17. Qxd7 Qxd7 18. Bxd7 Rfd8 19. Ba4 b5
20. Bb3 Rac8 21. Bg5 Kf8 22. Re1 f6 23. Bd2 Nd5 24. Nd4 {Black resigns} 1-0

[Event "ICC tourney 2840 (30 10)"]
[Site "Internet Chess Club"]
[Date "2022.02.27"]
[Round "4"]
[White "SHAWKAT, SAIF:saif-shawkat"]
[Black "JIANG, ANDREW:K05-16091063"]
[Result "0-1"]
[ICCResult "White resigns"]
[WhiteElo "2002"]
[BlackElo "1996"]
[Opening "Ruy Lopez: closed defense"]
[ECO "C84"]
[NIC "RL.13"]
[Time "19:01:11"]
[PlyCount "88"]
[TimeControl "1800+10"]

1. e4 e5 2. Nf3 Nc6 3. Bb5 a6 4. Ba4 Nf6 5. O-O Be7 6. d3 b5 7. Bb3 d6 8. c3
Na5 9. Bc2 c5 10. d4 Qc7 11. d5 Nc4 12. b3 Nb6 13. h3 O-O 14. Re1 Ne8 15.
Nbd2 f5 16. exf5 Nxd5 17. Ne4 Qc6 18. c4 Nb4 19. Bb1 a5 20. a3 Na6 21. cxb5
Qxb5 22. Qd5+ Kh8 23. Neg5 Bxg5 24. Nxg5 Qb7 25. Be4 Qxd5 26. Bxd5 Ra7 27.
g4 Nf6 28. Be6 Bxe6 29. fxe6 Kg8 30. Rd1 d5 31. Bb2 d4 32. Re1 h6 33. Nf7 e4
34. Nd6 Re7 35. Nxe4 Rxe6 36. Nxf6+ Rfxf6 37. Rxe6 Rxe6 38. Kf1 Rb6 39. b4
axb4 40. axb4 Nxb4 41. Bc1 c4 42. Ke2 c3 43. Ba3 Nc2 44. Bc5 Re6+
{White resigns}
0-1

[Event "ICC tourney 2840 (30 10)"]
[Site "Internet Chess Club"]
[Date "2022.02.27"]
[Round "4"]
[White "TANG, AUSTIN:Mrpeetapizza"]
[Black "HU, MERRIC:K09-14686967"]
[Result "1/2-1/2"]
[ICCResult "Game drawn because neither player has mating material"]
[WhiteElo "2034"]
[BlackElo "2060"]
[Opening "Sicilian: accelerated fianchetto, Maróczy bind"]
[ECO "B36"]
[NIC "SI.33"]
[Time "19:02:31"]
[PlyCount "101"]
[TimeControl "1800+10"]

1. e4 c5 2. Nf3 Nc6 3. d4 cxd4 4. Nxd4 g6 5. c4 Nf6 6. Nc3 d6 7. Be2 Bg7 8.
Be3 O-O 9. O-O Bd7 10. f3 a5 11. Qd2 Nxd4 12. Bxd4 Bc6 13. Rfd1 Nd7 14. Bxg7
Kxg7 15. Qd4+ Kg8 16. b3 Qb6 17. Qxb6 Nxb6 18. Nd5 Nxd5 19. cxd5 Bd7 20.
Rac1 Rac8 21. Kf2 f5 22. Ke3 Kg7 23. Rf1 f4+ 24. Kd4 Kf6 25. Rfd1 g5 26. a3
h5 27. h3 Rxc1 28. Rxc1 Rc8 29. Rxc8 Bxc8 30. b4 axb4 31. axb4 g4 32. hxg4
hxg4 33. fxg4 Kg5 34. e5 Bxg4 35. exd6 exd6 36. Bf1 Kh4 37. Ke4 Kg3 38. b5
b6 39. Bd3 Bh5 40. Kf5 Bf7 41. Be4 Be8 42. Ke6 Bxb5 43. Kxd6 Ba4 44. Ke7 b5
45. d6 b4 46. d7 Bxd7 47. Kxd7 b3 48. Kd6 b2 49. Ke5 b1=Q 50. Bxb1 Kxg2 51.
Kxf4 {Game drawn because neither player has mating material} 1/2-1/2

[Event "ICC tourney 2840 (30 10)"]
[Site "Internet Chess Club"]
[Date "2022.02.27"]
[Round "4"]
[White "XIE, BRYAN:largecrab"]
[Black "SHEEHAN, ETHAN THOMAS:Chessking2008"]
[Result "0-1"]
[ICCResult "White resigns"]
[WhiteElo "2105"]
[BlackElo "2218"]
[Opening "Queen's pawn game"]
[ECO "A46"]
[NIC "QP.05"]
[Time "19:00:45"]
[PlyCount "104"]
[TimeControl "1800+10"]

1. d4 Nf6 2. Nf3 e6 3. Bf4 b6 4. e3 Be7 5. Nbd2 Bb7 6. Bd3 d5 7. O-O O-O 8.
h3 c5 9. c3 Nbd7 10. Re1 Ne4 11. c4 Nxd2 12. Qxd2 cxd4 13. exd4 dxc4 14.
Bxc4 Bxf3 15. gxf3 Nf6 16. Qd3 Nd5 17. Bxd5 Qxd5 18. Qe4 Rfd8 19. Be5 Qxe4
20. Rxe4 Rac8 21. Ree1 Bg5 22. Rad1 Rc2 23. d5 exd5 24. Bc3 h6 25. Kf1 Rd7
26. Rd3 Bh4 27. Re2 Rxe2 28. Kxe2 f5 29. f4 Kf7 30. Be5 Be7 31. a3 g5 32.
fxg5 hxg5 33. f4 gxf4 34. Bxf4 Bf6 35. b4 d4 36. Rd1 Ke6 37. Kd3 Kd5 38. Rf1
Rh7 39. Rf3 Rh8 40. Bg5 Be5 41. h4 f4 42. Rf2 Rf8 43. h5 Rf5 44. Bh6 Rxh5
45. Bxf4 Rh3+ 46. Kc2 Bxf4 47. Rxf4 Rxa3 48. b5 Kc4 49. Rf5 d3+ 50. Kd2 Ra2+
51. Ke3 Re2+ 52. Kf3 Re1 {White resigns} 0-1